 Dungeon Crawl Stone Soup version 0.23.2-33-g5129a83184 (webtiles) character file.

Game seed: 4541676437112823615

50092 Gwenloh the Impaler (level 14, -3/115 HPs)
             Began as a Merfolk Gladiator on July 10, 2019.
             Was an Elder of Trog.
             Slain by an orc warrior
             ... wielding a +0 battleaxe
              (12 damage)
             ... on level 2 of the Orcish Mines on July 11, 2019.
             The game lasted 02:09:06 (27704 turns).

Gwenloh the Impaler (Merfolk Gladiator)            Turns: 27704, Time: 02:09:14

Health: -3/115     AC: -3    Str:  9    XL:     14   Next: 53%
Magic:  0/14       EV: 27    Int: 14    God:    Trog [****..]
Gold:   1380       SH:  8    Dex: 20    Spells: 13/13 levels left

rFire    + . .     SeeInvis .   Y - +4 trident (vamp)
rCold    x . .     Gourm    .   S - +2 buckler
rNeg     + + .     Faith    .   u - +3 leather armour of Ikeucvuwn {+Fly rN+ Str-5}
rPois    .         Spirit   +   U - +0 helmet "Pyecun" {rN+ Int+6}
rElec    .         Reflect  .   R - +0 cloak
rCorr    .         Harm     .   (no gloves)
MR       +....                  h - +0 pair of boots
Stlth    ++........             A - amulet of guardian spirit
HPRegen  0.29/turn              B - +1 ring of evasion
MPRegen  0.14/turn              Q - ring of fire

@: corroded, berserk cooldown, slowed, studying 2 skills, very slow
A: change form in water, swift swim, stealthy swim
a: Berserk, Trog's Hand, Brothers in Arms, Renounce Religion, Evoke Flight


You were on level 2 of the Orcish Mines.
You worshipped Trog.
Trog was greatly pleased with you.
You were hungry.

You visited 3 branches of the dungeon, and saw 17 of its levels.
You also visited: Sewer.

You collected 1562 gold pieces.
You spent 182 gold pieces at shops.

Inventory:

Hand Weapons
 a - a +1 trident
 b - the +8 whip "Snakebite" {curare, rPois}
   (You found it on level 1 of the Lair of Beasts)

   It poisons the flesh of those it strikes.
   It protects you from poison.
 V - a +0 blowgun
 Y - a +4 vampiric trident (weapon)
Missiles
 d - a throwing net
 k - 75 poisoned needles
 F - 4 curare-tipped needles
 G - 8 needles of sleeping
 L - 6 tomahawks (quivered)
 W - 3 needles of frenzy
 Z - 7 exploding tomahawks
Armour
 c - a +0 helmet
 h - a +0 pair of boots (worn)
 u - the +3 leather armour of Ikeucvuwn (worn) {+Fly rN+ Str-5}
   (You bought it in a shop on level 5 of the Dungeon)

   It affects your strength (-5).
   It protects you from negative energy.
   It lets you fly.
 E - a +0 ring mail of poison resistance
 R - a +0 cloak (worn)
 S - a +2 buckler (worn)
 U - the +0 helmet "Pyecun" (worn) {rN+ Int+6}
   (You found it on level 5 of the Lair of Beasts)

   It affects your intelligence (+6).
   It protects you from negative energy.
Jewellery
 s - an uncursed amulet of faith
 A - an amulet of guardian spirit (around neck)
 B - a +1 ring of evasion (left hand)
 K - an uncursed ring of stealth
 Q - a ring of fire (right hand)
Wands
 g - a wand of acid (1)
 l - a wand of digging (6)
 p - a wand of enslavement (6)
 C - a wand of flame (13)
 I - a wand of iceblast (10)
 T - a wand of random effects (22)
 X - a wand of paralysis (12)
Scrolls
 i - 5 scrolls of blinking
 o - 3 scrolls of fog
 w - 10 scrolls of identify
 z - 4 scrolls of remove curse
 D - 3 scrolls of fear
 J - 2 scrolls of enchant armour
 M - 3 scrolls of magic mapping
Potions
 e - 6 potions of curing
 j - 3 potions of resistance
 m - 9 potions of flight
 q - 2 potions of berserk rage
 r - 2 potions of brilliance
 t - 3 potions of lignification
 v - a potion of cancellation
 N - a potion of haste
 O - 3 potions of agility
Books
 n - a manual of Crossbows
 y - a manual of Throwing
Comestibles
 f - 15 rations
 x - 8 chunks of flesh


   Skills:
 - Level 12.0 Fighting
 * Level 18.7 Polearms
 + Level 12.6 Throwing
 * Level 17.5 Dodging
 + Level 6.2 Shields


You had 13 spell levels left.
You didn't know any spells.
Your spell library was empty.

Dungeon Overview and Level Annotations

Branches:
Dungeon (9/15)             Temple (0/1) D:7            Lair (6/6) D:9
 Shoals (0/4) Lair:4        Snake (0/4) Lair:3        Slime (0/5) Lair:5
    Orc (2/2) D:9
    Elf: Orc:2

Altars:
Ashenzari
Cheibriados
Dithmenos
Kikubaaqudgha
Makhleb
Nemelex Xobeh
Okawaru
Ru
Trog
Yredelemnul
The Shining One
Jiyva

Shops:
D:5 ((**}   Orc:2 *

Annotations:
D:4 1 runed translucent door, ianfitz1987's ghost, amateur FoFi


Message History

The orc priest misses you.
The orc warrior hits you with a +0 battleaxe!!
You hear a shout!
You hit the orc warrior.
The orc warrior is almost dead.
You hear a shout!
The orc warrior closely misses you.
The orc priest hits you with a +0 dagger.
You hit the orc warrior but do no damage.
The orc warrior is almost dead.
The orc warrior hits you with a +0 dire flail!
You block the orc warrior's attack. The orc priest barely misses you.
You hit the orc warrior but do no damage.
The orc warrior is almost dead.
The orc warrior hits you with a +0 dire flail!!
* * * LOW HITPOINT WARNING * * *
The orc priest calls upon Beogh to heal the orc warrior.
The orc warrior is healed somewhat.
The orc warrior hits you with a +0 battleaxe!
You die...

#. #∩. #...
#..#. #((((.
#(..#.#
##o......
##@o# ##(o##
##..## ##[.##
####[[##
##..[)## ###
##....##
###.###....##
#......#..##


You could see 2 orc warriors and an orc priest.

Vanquished Creatures
  Rupert (Lair:6)
  Nessos (Lair:4)
  Snorg (Lair:6)
  5 hydras
  3 catoblepae
  An anaconda (Lair:6)
  2 orc knights (Orc:1)
  A wolf spider (Lair:6)
  2 orc sorcerers (Orc:1)
  Joseph (D:7)
  A manticore (Lair:4)
  15 black mambas
  A guardian serpent (Lair:6)
  A merfolk siren (Lair:4)
  A smoke demon (Orc:2)
  A rust devil (Orc:2)
  A torpor snail (Lair:6)
  2 rime drakes
  9 spiny frogs
  12 komodo dragons
  2 trolls
  2 hornets (Lair:6)
  15 polar bears
  4 raiju (Lair:6)
  3 hippogriffs
  13 blink frogs
  A redback (Lair:6)
  10 wyverns
  7 yaks
  4 wargs
  13 hell hounds (Lair:6)
  26 water moccasins
  Duvessa (D:5)
  3 porcupines
  5 ice beasts
  13 orc warriors
  11 black bears (Lair:6)
  A sky beast (D:6)
  5 ogres
  2 phantoms
  A centaur (D:8)
  20 wolves
  8 crocodiles
  A big kobold (Sewer)
  19 bullfrogs
  Blork the orc (D:5)
  A wyvern skeleton (D:8)
  Dowan (D:5)
  4 scorpions
  13 killer bees (D:8)
  A vampire bat (D:8)
  5 electric eels
  3 crimson imps
  3 bullfrog zombies
  2 centaur zombies
  2 jellies
  14 orc priests
  4 centaur skeletons
  3 hounds
  14 orc wizards
  2 bullfrog skeletons
  Ijyb (D:5)
  2 iguanas
  5 worker ants
  2 worker ant zombies
  9 gnolls
  15 adders
  A river rat (Sewer)
  2 shadow imps
  2 oozes
  2 adder skeletons
  3 worms
  2 dart slugs
  6 leopard geckos
  46 orcs
  3 ball pythons
  7 bats
  A bat skeleton (D:8)
  4 bat zombies (D:8)
  5 giant cockroaches
  5 goblins
  6 hobgoblins
  10 jackals
  4 quokkas
  7 frilled lizards
  2 jackal skeletons (D:4)
  9 kobolds
  A leopard gecko skeleton (D:5)
  15 rats
  A fungus (Lair:2)
503 creatures vanquished.

Vanquished Creatures (others)
  29 fungi
  39 plants (Lair:6)
68 creatures vanquished.

Grand Total: 571 creatures vanquished

Notes
Turn   | Place    | Note
-------+----------+-------------------------------------------
     0 | D:1      | Gwenloh the Merfolk Gladiator began the quest for the Orb.
     0 | D:1      | Reached XP level 1. HP: 16/16 MP: 1/1
     0 | D:1      | Noticed an ogre
     5 | D:1      | Noticed a dwarf
     6 | D:1      | Noticed a minotaur
     8 | D:1      | Noticed a draconian
     9 | D:1      | Noticed an ogre
    11 | D:1      | Noticed an octopode
    11 | D:1      | Noticed a naga
    13 | D:1      | Noticed a troll
    13 | D:1      | Noticed a gargoyle
    15 | D:1      | Noticed an octopode
    15 | D:1      | Noticed a troll
    17 | D:1      | Noticed a troll
    17 | D:1      | Noticed a vampire
    17 | D:1      | Noticed an octopode
    19 | D:1      | Noticed a troll
    19 | D:1      | Noticed an elf
    21 | D:1      | Noticed a gargoyle
   293 | D:1      | Reached XP level 2. HP: 23/23 MP: 2/2
   856 | D:1      | Reached skill level 5 in Polearms
   856 | D:1      | Reached XP level 3. HP: 27/28 MP: 3/3
  1412 | D:2      | Found a burning altar of Makhleb.
  1425 | D:2      | Reached skill level 5 in Dodging
  1425 | D:2      | Reached XP level 4. HP: 28/35 MP: 4/4
  1506 | D:2      | Found a sacrificial altar of Ru.
  2564 | D:3      | Reached XP level 5. HP: 41/41 MP: 5/5
  2822 | D:3      | Reached skill level 6 in Polearms
  3398 | D:4      | Found a runed translucent door.
  3398 | D:4      | Noticed ianfitz1987's ghost (amateur FoFi)
  3398 | D:4      | Noticed a black bear
  3528 | D:4      | Reached XP level 6. HP: 48/48 MP: 6/6
  4173 | D:5      | Entered Level 5 of the Dungeon
  4187 | D:5      | Reached skill level 7 in Polearms
  4225 | D:5      | Found Kenuatipn's Assorted Antiques.
  4226 | D:5      | Noticed an ice beast
  4248 | D:4      | Killed an ice beast
  4248 | D:4      | Reached skill level 5 in Fighting
  4248 | D:4      | Reached XP level 7. HP: 36/56 MP: 7/7
  4383 | D:5      | Found Jitewo's Assorted Antiques.
  4643 | D:5      | Reached skill level 8 in Polearms
  4670 | D:5      | Found Astriygek's Gadget Shoppe.
  4687 | D:5      | Found a basalt altar of Yredelemnul.
  4866 | D:5      | Found Muom's Weapon Shop.
  4869 | D:5      | Bought a smoking leather armour for 182 gold pieces
  4901 | D:4      | Identified the +3 leather armour of Ikeucvuwn {+Fly rN+
                  | Str-5} (You bought it in a shop on level 5 of the Dungeon)
  4976 | D:5      | Reached XP level 8. HP: 64/64 MP: 8/8
  5189 | D:5      | Found Xiulo's Antique Weapon Emporium.
  5261 | D:5      | Noticed Dowan
  5261 | D:5      | Noticed Duvessa
  5407 | D:5      | Killed Dowan
  5540 | D:5      | Killed Duvessa
  5540 | D:5      | Reached skill level 9 in Polearms
  5711 | D:5      | Noticed Blork the orc
  5728 | D:5      | Killed Blork the orc
  5972 | D:5      | Found a shadowy altar of Dithmenos.
  5973 | D:5      | Noticed Ijyb
  6002 | D:5      | Killed Ijyb
  6516 | D:5      | Reached skill level 10 in Polearms
  6555 | D:5      | Found a bloodstained altar of Trog.
  6560 | D:5      | Found a glowing golden altar of the Shining One.
  6560 | D:5      | Found a sparkling altar of Nemelex Xobeh.
  6563 | D:5      | Became a worshipper of Trog the Wrathful
  6697 | D:5      | Reached XP level 9. HP: 72/72 MP: 9/9
  6931 | D:6      | Reached * piety under Trog
  7043 | D:6      | Found a bloodstained altar of Trog.
  7087 | D:6      | Found a glowing drain.
  7101 | Sewer    | Entered a sewer
  7199 | Sewer    | Found a white marble altar of Elyvilon.
  7455 | D:6      | Found a snail-covered altar of Cheibriados.
  7645 | D:7      | Found a staircase to the Ecumenical Temple.
  7701 | D:7      | Found an iron altar of Okawaru.
  7705 | D:7      | Reached skill level 10 in Dodging
  8075 | D:7      | Noticed Joseph
  8109 | D:7      | Killed Joseph
  8109 | D:7      | Reached ** piety under Trog
  8109 | D:7      | Reached skill level 11 in Polearms
  8313 | D:8      | Found a shattered altar of Ashenzari.
  8559 | D:8      | Reached XP level 10. HP: 82/82 MP: 10/10
  8607 | D:8      | Reached skill level 5 in Throwing
  8821 | D:8      | Found an ancient bone altar of Kikubaaqudgha.
  8983 | D:8      | Reached skill level 12 in Polearms
 10515 | D:9      | Found a staircase to the Lair.
 10528 | D:9      | Found a staircase to the Orcish Mines.
 10966 | Lair:1   | Entered Level 1 of the Lair of Beasts
 12082 | Lair:1   | Noticed a black mamba
 12091 | Lair:1   | Killed a black mamba
 12091 | Lair:1   | Reached skill level 10 in Fighting
 12091 | Lair:1   | Reached skill level 13 in Polearms
 12102 | Lair:1   | Noticed a black mamba
 12103 | Lair:1   | Noticed a black mamba
 12118 | Lair:1   | Killed a black mamba
 12118 | Lair:1   | Reached XP level 11. HP: 80/90 MP: 9/11
 12777 | Lair:1   | Found the +8 whip "Snakebite" {curare, rPois}
 13289 | Lair:2   | Noticed a five-headed hydra
 13308 | Lair:2   | Killed a five-headed hydra
 13308 | Lair:2   | Reached skill level 14 in Polearms
 14465 | Lair:2   | Noticed an eight-headed hydra
 14478 | Lair:2   | Killed an eight-headed hydra
 15468 | Lair:2   | Reached XP level 12. HP: 83/100 MP: 10/12
 15850 | Lair:3   | Noticed a seven-headed hydra
 16508 | Lair:3   | Found a staircase to the Snake Pit.
 16568 | Lair:3   | Killed a seven-headed hydra
 16568 | Lair:3   | Reached skill level 15 in Polearms
 17360 | Lair:4   | Reached *** piety under Trog
 18265 | Lair:4   | Reached skill level 1 in Shields
 18550 | Lair:4   | Noticed Nessos
 18971 | Lair:4   | Noticed a catoblepas
 18971 | Lair:4   | Noticed a catoblepas
 18985 | Lair:4   | HP: 4/102 [barbs]
 19014 | Lair:4   | HP: 3/102 [manticore/volley of spikes (10)]
 19507 | Lair:4   | Found a staircase to the Shoals.
 19653 | Lair:4   | Killed a catoblepas
 19653 | Lair:4   | Reached skill level 10 in Throwing
 19730 | Lair:4   | Killed Nessos
 19730 | Lair:4   | Reached skill level 16 in Polearms
 20166 | Lair:5   | Reached skill level 15 in Dodging
 20178 | Lair:5   | Got a faintly glowing helmet
 20342 | Lair:5   | Noticed a four-headed hydra
 20352 | Lair:5   | Killed a four-headed hydra
 20352 | Lair:5   | Reached XP level 13. HP: 108/108 MP: 13/13
 20769 | Lair:5   | Found a viscous altar of Jiyva.
 20769 | Lair:5   | Found a staircase to the Slime Pits.
 21573 | Lair:6   | Entered Level 6 of the Lair of Beasts
 21695 | Lair:6   | Received a gift from Trog
 22105 | Lair:6   | Reached skill level 17 in Polearms
 22110 | Lair:6   | Received a gift from Trog
 22525 | Lair:6   | Noticed Snorg
 22848 | Lair:6   | Killed Snorg
 23313 | Lair:6   | Received a gift from Trog
 23331 | Lair:6   | Noticed Rupert
 23966 | Lair:6   | Paralysed by Rupert for 7 turns
 23991 | Lair:6   | Killed Rupert
 23991 | Lair:6   | Reached skill level 5 in Shields
 23991 | Lair:6   | Reached XP level 14. HP: 115/115 MP: 11/14
 24157 | Lair:6   | Reached skill level 18 in Polearms
 26709 | Orc:1    | Entered Level 1 of the Orcish Mines
 26731 | Orc:1    | Identified the +0 helmet "Pyecun" {rN+ Int+6} (You found it
                  | on level 5 of the Lair of Beasts)
 26795 | Orc:1    | Reached **** piety under Trog
 27112 | Orc:2    | Entered Level 2 of the Orcish Mines
 27564 | Orc:1    | Paralysed by an orc sorcerer for 3 turns
 27625 | Orc:2    | Found Veth's General Store.
 27651 | Orc:2    | Received a gift from Trog
 27704 | Orc:2    | Slain by an orc warrior

Skill      XL: |  1  2  3  4  5  6  7  8  9 10 11 12 13 14 |
---------------+-------------------------------------------+-----
Polearms       | 5 6 7 8 10 11 13 14 16 17 18 | 18.7
Fighting       | 3 4 5 7 8 10 11 12 | 12.0
Dodging        | 5 6 7 9 10 12 13 15 16 17 | 17.5
Throwing       | 4 6 8 10 11 12 | 12.6
Shields        | 2 5 6 |  6.2

Action                   |  1- 3 |  4- 6 |  7- 9 | 10-12 | 13-15 || total
-------------------------+-------+-------+-------+-------+-------++-------
Melee: Trident           |   118 |   211 |   588 |  1070 |   270 ||  2257
       Tailslap          |       |       |     3 |     3 |       ||     6
       Whip              |       |       |       |    71 |   732 ||   803
 Fire: Blowgun           |       |       |       |       |     7 ||     7
Throw: Throwing net      |       |     2 |       |     3 |     1 ||     6
       Tomahawk          |       |       |    16 |   102 |    52 ||   170
Invok: Berserk           |       |       |     2 |     9 |     6 ||    17
       Trog's Hand       |       |       |     1 |     9 |     7 ||    17
Evoke: Wand              |       |       |       |    18 |     1 ||    19
  Use: Scroll            |     4 |     7 |     7 |    15 |     7 ||    40
       Potion            |       |     1 |     3 |     8 |     2 ||    14
 Stab: Sleeping          |     2 |     1 |     7 |    13 |     4 ||    27
       Distracted        |     1 |       |     1 |     3 |       ||     5
       Held in net/web   |       |     2 |       |     3 |       ||     5
  Eat: Chunk             |     2 |     9 |    15 |    33 |    13 ||    72
       Ration            |       |       |       |     5 |     7 ||    12
Armor: Leather armour    |    27 |    23 |    55 |   103 |    95 ||   303
Dodge: Dodged            |    70 |   104 |   273 |   836 |   958 ||  2241
Block: Buckler           |       |       |       |    37 |   393 ||   430
